cohdb
Replays
Latest Replays
All Replays
Popular Replays
Top Player Replays
Match Explorer
How It Works
Community
CoH3 Stats
Reddit
Sign in to upload your games and track your stats! →
Sign in with Steam
Match 40512204
Unlisted
Match 40512204
Overview
Messages
Build Orders
End
Construct Section Command Post
Vickers Machine Gun Team
Infantry Section
Infantry Section
Infantry Section
Infantry Section
Construct Platoon Command Post
6-pounder Anti-tank Gun Team
Unlock Bishop Self-propelled Artillery
ML 3-inch Mortar Team
Bishop Self-propelled Artillery
CMP 15cwt Truck
Bishop Self-propelled Artillery
Royal Engineer Section
Infantry Training
Selects Air and Sea Battlegroup
Selects Supply Surplus
Selects Commando Section Paradrop
Construct Field Infirmary
Selects Commando Support Section Paradrop
Construct Company Command Post
6-pounder Anti-tank Gun Team
Forward Retreat Point
ThundersEdge
*Mule
FeriG
Belfegor ๏̯͡๏
哦嗦嘎达
Nuclear Viking
Miško
jaws2005
0
0
Comments
sign in to comment!
No comments posted yet!